 Dungeon Crawl Stone Soup version 0.29.1-13-g9f3cf754e1 (webtiles) character file.

Game seed: 13836432326435963503

50778 Jod the Executioner (level 14, -10/135 HPs)
             Began as a Minotaur Fighter on Jan 30, 2023.
             Was a High Priest of the Shining One.
             Shot with a sling bullet by a faun (12 damage)
             ... on level 3 of the Shoals on Feb 6, 2023.
             The game lasted 01:33:14 (7280 turns).

Jod the Executioner (Minotaur Fighter)              Turns: 7280, Time: 01:33:14

Health: -10/135    AC: 13    Str: 33    XL:     14   Next: 21%
Magic:  19/19      EV: 20    Int:  5    God:    the Shining One [*****.]
Gold:   1509       SH:  0    Dex: 15    Spells: 13/13 levels left

rFire   . . .      SeeInvis .   a - +4 battleaxe (flame)
rCold   . . .      Faith    .   (shield currently unavailable)
rNeg    + + .      Spirit   .   v - +2 ring mail of Fun {Rampage rPois Str+6}
rPois   +          Reflect  .   A - +2 hat
rElec   .          Harm     .   f - +0 cloak
rCorr   .          Rampage  +   (no gloves)
Will    .....                   C - +0 pair of boots
Stlth   +.........              j - amulet of regeneration
HPRegen 1.12/turn               x - +4 ring of evasion
MPRegen 0.16/turn               Q - +6 ring of dexterity

@: weak-willed, afraid, mesmerised, glowing
A: horns 2, retaliatory headbutt
a: Renounce Religion, Divine Shield, Cleansing Flame, Summon Divine Warrior


You were on level 3 of the Shoals.
You worshipped the Shining One.
The Shining One was extremely pleased with you.
You visited 4 branches of the dungeon, and saw 18 of its levels.
You also visited: Bailey, Ice Cave and Volcano.

You collected 1725 gold pieces.
You spent 216 gold pieces at shops.

Inventory:

Hand Weapons
 a - a +4 battleaxe of flaming (weapon)
Armour
 f - a +0 cloak (worn)
 v - the +2 ring mail of Fun (worn) {Rampage rPois Str+6}
   (You found it on level 5 of the Dungeon)

   Str:       It affects your strength (+6).
   rPois:     It protects you from poison.
   Rampage:   It bestows one free step when moving towards enemies.
 A - a +2 hat (worn)
 C - a +0 pair of boots (worn)
 J - a +2 crystal plate armour of cold resistance
Jewellery
 j - an amulet of regeneration (around neck)
 r - a ring of fire
 x - a +4 ring of evasion (left hand)
 H - a ring of ice
 P - a ring of willpower
 Q - a +6 ring of dexterity (right hand)
 R - a ring of magical power
 U - a ring of see invisible
Wands
 b - a wand of charming (22)
 c - a wand of flame (19)
 d - a wand of quicksilver (9)
 t - a wand of iceblast (20)
 K - a wand of digging (5)
Scrolls
 g - a scroll of amnesia
 l - 5 scrolls of magic mapping
 n - 4 scrolls of immolation
 s - a scroll of teleportation
 u - a scroll of vulnerability {unknown}
 w - 2 scrolls of blinking
 y - 2 scrolls of fear
 z - a scroll of butterflies
 D - a scroll of enchant armour {unknown}
 L - a scroll of torment
 S - a scroll of poison {unknown}
 T - a scroll of brand weapon {unknown}
Potions
 e - 7 potions of curing
 h - 5 potions of lignification
 i - 3 potions of might
 k - a potion of flight
 m - a potion of ambrosia
 o - 2 potions of magic
 p - 4 potions of heal wounds
 q - 2 potions of brilliance
 B - a potion of haste
 E - 2 potions of invisibility
 F - 2 potions of cancellation
 M - a potion of attraction {unknown}
 N - 3 potions of resistance
 O - 2 potions of mutation {unknown}
Miscellaneous
 I - a phial of floods (inert)


   Skills:
 - Level 15.0 Fighting
 + Level 22.6 Axes
 - Level 9.0 Armour
 - Level 9.0 Dodging
 - Level 3.6 Shields
 - Level 9.0 Invocations
 + Level 7.4 Evocations


You had 13 spell levels left.
You didn't know any spells.
Your spell library contained the following spells:

 Spells                   Type           Power      Damage    Failure   Level
 Apportation              Tloc           0%         N/A       56%         1
 Poisonous Vapours        Pois/Air       0%         N/A       71%         2
 Sublimation of Blood     Necr           0%         N/A       71%         2
 Wereblood                Tmut           0%         N/A       71%         2
 Ozocubu's Armour         Ice            0%         N/A       91%         3
 Airstrike                Air            0%         2d(0-16)  100%        4
 Cause Fear               Hex            0%         N/A       100%        4
 Corpse Rot               Necr/Pois/Air  0%         N/A       100%        4
 Summon Lightning Spire   Summ/Air       0%         N/A       100%        4
 Alistair's Intoxication  Tmut/Pois      0%         N/A       100%        5
 Lightning Bolt           Conj/Air       0%         1d11      100%        5
 Metabolic Englaciation   Hex/Ice        0%         N/A       100%        5
 Summon Forest            Summ/Tloc      0%         N/A       100%        5
 Eringya's Noxious Bog    Tmut/Pois      0%         N/A       100%        6
 Simulacrum               Ice/Necr       0%         N/A       100%        6
 Dragon Form              Tmut           0%         N/A       100%        7
 Summon Hydra             Summ           0%         N/A       100%        7
 Dragon's Call            Summ           0%         N/A       100%        9


Dungeon Overview and Level Annotations

Branches:
Dungeon (9/15)             Temple (1/1) D:4            Lair (5/5) D:9
 Shoals (3/4) Lair:3        Snake (0/4) Lair:2        Slime (0/5) Lair:4
 Bailey (visited)           IceCv (visited)         Volcano (visited)
    Orc: D:9-12

Altars:
Ashenzari
Cheibriados
Dithmenos
Elyvilon
Fedhas
Gozag
Kikubaaqudgha
Makhleb
Nemelex Xobeh
Qazlal
Ru
Sif Muna
Uskayaw
Vehumet
Wu Jian
Xom
Zin
The Shining One
Jiyva

Shops:
D:2 *   D:8 !   Shoals:2 *

Annotations:
D:1 exclusion: downstairs
Lair:1 1 runed translucent door, shadowmeld's ghost, journeyman DjTm
Lair:2 1 runed translucent door, Gadrel's ghost, journeyman TrGl
Shoals:1 1 runed translucent door, GlueCherru's ghost, journeyman DrCj


Innate Abilities, Weirdness & Mutations

You have a pair of horns on your head.
You reflexively headbutt those who attack you in melee.


Message History

A merfolk javelineer comes into view.
It is wielding a +0 spear and quivering silver javelins.
A faun comes into view. It is wielding a +0 spear.
The faun shoots a sling bullet.
The sling bullet barely misses you.
The merfolk siren chants a haunting song.
You are mesmerised by the merfolk siren!
The faun shoots a sling bullet.
The sling bullet hits you but does no damage.
Aiming: Iceblast
Press: ? - help, Shift-Dir - straight line, p - satyr The mass of ice explodes!
The iceblast engulfs the satyr.
The satyr is lightly wounded.
The iceblast engulfs the faun!!
The faun is heavily wounded.
The faun shouts!
You hear a shout!
The satyr shoots an arrow.
The arrow hits you!
* * * LOW HITPOINT WARNING * * *
A faun comes into view. It is wielding a +0 club.
The faun unwields a +0 spear.
The faun wields a +0 sling.
The faun shoots a sling bullet.
The sling bullet closely misses you.
The faun shoots a sling bullet.
The sling bullet closely misses you.
The faun shoots a sling bullet.
The sling bullet closely misses you.
Okay, then.
Aim the phial where?
Press: ? - help, Shift-Dir - straight line, f - satyr
Aim: a satyr, wielding a +0 longbow (lightly wounded, inspiring fear, haloed)
The torrent of water hits the satyr!!
The satyr is heavily wounded.
The satyr is knocked back by the torrent of water.
The wave splashes down.
The satyr is engulfed in water.
The faun is engulfed in water.
You hear a shout! x2; You hear an angry hiss.
You hear a shout!
You hear an angry hiss.
You hear a bellow! x2
The faun shoots a sling bullet.
The sling bullet misses you.
The satyr shoots an arrow.
The arrow hits you!!
* * * LOW HITPOINT WARNING * * *
The faun unwields a +0 club.
The faun wields a +0 sling.
The faun shoots a sling bullet.
The sling bullet hits you.
* * * LOW HITPOINT WARNING * * *
The faun shoots a sling bullet.
The sling bullet hits you!
You die...

..~~~m......~~~≈≈≈≈
.c~cc~.m..<.m~~~~≈≈≈
~~~~~~.......~~~~~~≈
~~≈~~~~m)##...~~~~~≈
~≈≈~~~~~~###..~~~~~~
~≈≈~~~~c):.m~~~≈≈≈≈~
≈≈≈≈~~~~~~..~~≈≈≈≈≈~
≈≈≈≈~~..c..~~≈≈≈≈≈≈≈
~≈≈≈~~~@~~.~~~≈≈≈≈≈≈
≈≈~~~~~~~~~~~~≈≈~~~~
≈≈~~~~~~~~~~~≈≈≈~~~~
≈≈≈~~~~~≈≈~~≈≈≈≈~~~.
~≈≈≈≈≈≈≈≈≈≈≈≈≈≈≈~~~.
.~≈≈≈≈≈≈≈≈≈≈≈≈≈≈≈~~.
~.~≈≈≈≈≈≈≈≈≈≈≈≈≈≈~~
..~~≈≈≈≈≈≈≈≈≈~~


You could see 2 merfolk javelineers, a satyr (scary, waterlogged), a merfolk and
4 fauns.

Vanquished Creatures
  A reaper (IceCv)
  A merfolk javelineer (Shoals:1)
  2 boulder beetles
  3 hydras
  A catoblepas (Lair:5)
  Erica (D:8)
  A deep troll shaman (Lair:5)
  9 death yaks (Lair:5)
  A hell knight (Volcano)
  A sea snake (Shoals:1)
  An orc knight (Bailey)
  2 lindwurms
  4 harpies (Shoals:1)
  2 fauns (Shoals:3)
  2 cyclopes
  4 salamanders (Volcano)
  2 merfolk sirens
  11 elephants
  2 ice statues (IceCv)
  2 black mambas
  2 torpor snails (Lair:5)
  3 molten gargoyles (Volcano)
  9 cane toads
  3 gargoyles (Volcano)
  11 rime drakes
  5 komodo dragons
  7 ice devils (IceCv)
  2 polar bears (Lair:5)
  A merfolk (Shoals:1)
  A wind drake (Shoals:1)
  A hornet (D:8)
  7 blink frogs
  11 dream sheep
  A wyvern (D:5)
  A water elemental (Shoals:2)
  A dire elephant simulacrum (IceCv)
  21 yaks
  A basilisk (Lair:1)
  8 steam dragons (Lair:3)
  3 wargs (D:9)
  A harpy simulacrum (IceCv)
  An acid dragon (Lair:3)
  18 water moccasins
  5 orc warriors
  An ice beast (D:8)
  3 black bears
  A sky beast (D:8)
  9 wolves
  2 phantoms (D:5)
  A necrophage (D:6)
  8 bullfrogs
  A gnoll sergeant (D:8)
  A scorpion (Lair:1)
  3 two-headed ogre simulacra (IceCv)
  2 cane toad simulacra (IceCv)
  8 wights
  8 killer bees
  A howler monkey (D:8)
  2 hounds
  7 jellies
  6 orc priests
  Crazy Yiuf (D:6)
  4 iguanas
  10 orc wizards
  2 spriggan simulacra (IceCv)
  3 troll simulacra (IceCv)
  A wolf simulacrum (IceCv)
  5 polar bear simulacra (IceCv)
  4 gnolls
  2 naga simulacra (IceCv)
  5 adders
  2 ufetubi (IceCv)
  2 worms
  4 dart slugs
  33 orcs
  12 ball pythons
  2 bats
  A bat zombie (D:7)
  6 endoplasms
  4 giant cockroaches
  5 goblins
  13 hobgoblins
  8 kobolds
  A quokka (D:1)
  3 frilled lizards
  2 rats (D:1)
  A rat zombie (D:7)
377 creatures vanquished.

Vanquished Creatures (others)
  A molten gargoyle (Volcano)
  8 fungi
  20 plants
29 creatures vanquished.

Grand Total: 406 creatures vanquished

Notes
Turn   | Place    | Note
-------+----------+-------------------------------------------
     0 | D:1      | Jod the Minotaur Fighter began the quest for the Orb.
     0 | D:1      | Reached XP level 1. HP: 19/19 MP: 0/0
    25 | D:1      | Found a faded altar of an unknown god.
    64 | D:1      | Reached skill level 3 in Axes
   115 | D:1      | Reached XP level 2. HP: 26/26 MP: 1/1
   161 | D:1      | Reached skill level 4 in Axes
   346 | D:1      | Reached XP level 3. HP: 31/31 MP: 2/2
   360 | D:2      | Identified the +9 sling "Qyfixits" {speed, +Blink rN++
                  | rCorr Str-3}
   433 | D:2      | Noticed a black bear
   687 | D:2      | Found Xamipen's Assorted Antiques.
   694 | D:2      | Reached skill level 5 in Axes
   729 | D:2      | Reached XP level 4. HP: 33/39 MP: 3/3
   911 | D:3      | Found a shadowy altar of Dithmenos.
  1191 | D:4      | Reached skill level 6 in Axes
  1198 | D:4      | Reached XP level 5. HP: 42/45 MP: 4/4
  1224 | D:4      | Reached skill level 7 in Axes
  1278 | D:4      | Found a staircase to the Ecumenical Temple.
  1284 | Temple   | Entered the Ecumenical Temple
  1602 | D:5      | Entered Level 5 of the Dungeon
  1604 | D:5      | Reached XP level 6. HP: 47/51 MP: 5/5
  1701 | D:5      | Noticed a wyvern
  1710 | D:5      | Killed a wyvern
  1711 | D:5      | Reached skill level 9 in Axes
  1718 | D:5      | Reached XP level 7. HP: 40/57 MP: 6/6
  1795 | D:5      | Identified the +2 ring mail of Fun {Rampage rPois Str+6}
  1840 | D:5      | Reached skill level 10 in Axes
  2167 | D:6      | Found a runed translucent door.
  2168 | D:6      | Noticed Crazy Yiuf
  2202 | D:6      | Killed Crazy Yiuf
  2236 | D:6      | Reached skill level 11 in Axes
  2245 | D:5      | Found a white marble altar of Elyvilon.
  2245 | D:5      | Found a glowing golden altar of the Shining One.
  2254 | D:5      | Became a worshipper of the Shining One
  2433 | D:6      | Reached XP level 8. HP: 64/64 MP: 7/7
  2583 | D:7      | Reached skill level 12 in Axes
  2635 | D:7      | Found an ornate altar of the Wu Jian Council.
  2717 | D:7      | Found a flagged portal.
  2736 | Bailey   | Entered a bailey
  2840 | Bailey   | Reached skill level 13 in Axes
  2875 | Bailey   | Noticed an orc knight
  2880 | Bailey   | Killed an orc knight
  2881 | Bailey   | Reached XP level 9. HP: 37/78 MP: 8/8
  2888 | Bailey   | Acquired a manual of Axes
  2897 | D:7      | Reached * piety under the Shining One
  2906 | D:7      | Found an ancient bone altar of Kikubaaqudgha.
  2965 | D:8      | Reached skill level 14 in Axes
  2979 | D:8      | Paralysed by a hornet for 1 turns
  3007 | D:8      | Reached skill level 15 in Axes
  3050 | D:8      | Noticed Erica
  3056 | D:8      | Killed Erica
  3078 | D:8      | Reached skill level 16 in Axes
  3085 | D:8      | Found a blossoming altar of Fedhas.
  3131 | D:8      | Reached XP level 10. HP: 88/97 MP: 9/9
  3178 | D:8      | Identified the +1 shortbow of Ikihes {vorpal, rCorr}
  3281 | D:8      | Found Rapnabri's Distillery.
  3289 | D:8      | Bought a potion of might for 48 gold pieces
  3289 | D:8      | Bought a potion of heal wounds for 60 gold pieces
  3289 | D:8      | Bought a potion of heal wounds for 60 gold pieces
  3289 | D:8      | Bought a potion of might for 48 gold pieces
  3502 | D:9      | Reached ** piety under the Shining One
  3511 | D:9      | Reached skill level 17 in Axes
  3546 | D:9      | Found a staircase to the Lair.
  3577 | Lair:1   | Entered Level 1 of the Lair of Beasts
  3673 | Lair:1   | Noticed a cane toad
  3679 | Lair:1   | Killed a cane toad
  3680 | Lair:1   | Reached skill level 18 in Axes
  3688 | Lair:1   | Found a frozen archway.
  3725 | IceCv    | Entered an ice cave
  3779 | IceCv    | Noticed an ice statue
  3779 | IceCv    | Noticed an ice statue
  3779 | IceCv    | Reached *** piety under the Shining One
  3810 | IceCv    | Killed an ice statue
  3811 | IceCv    | Reached skill level 15 in Fighting
  3823 | IceCv    | Killed an ice statue
  3824 | IceCv    | Reached skill level 19 in Axes
  3846 | IceCv    | Reached XP level 11. HP: 106/112 MP: 10/10
  3908 | IceCv    | Reached skill level 5 in Armour
  3910 | IceCv    | Reached **** piety under the Shining One
  3920 | IceCv    | Reached skill level 20 in Axes
  3999 | IceCv    | Noticed a reaper
  4011 | IceCv    | Killed a reaper
  4192 | Lair:1   | Found a runed translucent door.
  4200 | Lair:1   | Identified the +5 spear of the Known World {vorpal, Int+3
                  | Dex+2}
  4200 | Lair:1   | Noticed shadowmeld's ghost (journeyman DjTm)
  4230 | Lair:1   | Noticed a four-headed hydra
  4238 | Lair:1   | Killed a seven-headed hydra
  4239 | Lair:1   | Reached skill level 1 in Invocations
  4293 | Lair:1   | Noticed a boulder beetle
  4308 | Lair:1   | Killed a boulder beetle
  4496 | Lair:2   | Found a staircase to the Snake Pit.
  4509 | Lair:2   | Reached skill level 21 in Axes
  4566 | Lair:2   | Reached XP level 12. HP: 107/119 MP: 14/14
  4623 | Lair:2   | Reached skill level 1 in Dodging
  4661 | Lair:2   | Found a runed translucent door.
  4663 | Lair:2   | Found a shimmering altar of Xom.
  4663 | Lair:2   | Noticed Gadrel's ghost (journeyman TrGl)
  4932 | Lair:3   | Reached skill level 5 in Invocations
  4946 | Lair:3   | Found a staircase to the Shoals.
  5032 | Lair:3   | Reached skill level 5 in Dodging
  5070 | Lair:3   | Reached ***** piety under the Shining One
  5118 | Lair:3   | Identified the +8 dagger of the Shoals {freeze, Str+2}
  5339 | Lair:4   | Found a staircase to the Slime Pits.
  5348 | Lair:4   | Found a viscous altar of Jiyva.
  5383 | Lair:4   | Found a dark tunnel.
  5391 | Volcano  | Entered a volcano
  5520 | Volcano  | Noticed an orb of fire
  5547 | Volcano  | Noticed an orb of fire
  5782 | Lair:4   | Reached XP level 13. HP: 120/126 MP: 18/18
  5838 | Lair:4   | You fall into a shaft and drop 1 floor!
  5838 | Lair:5   | Entered Level 5 of the Lair of Beasts
  6054 | Lair:5   | Reached skill level 1 in Evocations
  6165 | Lair:5   | Identified the +5 scimitar of Qerit {venom, rC+}
  6352 | Lair:5   | Reached skill level 5 in Evocations
  6414 | Lair:5   | Reached skill level 22 in Axes
  6785 | Lair:4   | Reached XP level 14. HP: 131/135 MP: 19/19
  6964 | Shoals:1 | Entered Level 1 of the Shoals
  7089 | Shoals:1 | Found a runed translucent door.
  7089 | Shoals:1 | Noticed GlueCherru's ghost (journeyman DrCj)
  7133 | Shoals:2 | Found Vunkitsase's Assorted Antiques.
  7280 | Shoals:3 | HP: 3/135 [satyr/arrow (23)]
  7280 | Shoals:3 | Shot with a sling bullet by a faun

Illustrated notes

Levels and vault maps discovered:
D:1:      scummos_arrival_checkerplants, layout_rooms,
          ebering_ecumenical_altar_hall, palyth_stone_intersect, st_stairs_2
D:2:      layout_loops_cross, serial_shops, shop
D:3:      layout_basic, nicolae_dithmenos_shadow_blocks
D:4:      layout_loops_ring, minmay_temple_entry_ruins,
          gammafunk_ghost_nasty_kobolds
D:5:      layout_loops_ring, nicolae_overflow_hidden_temple
D:6:      layout_gridville, general_overflow_altar, uniq_crazy_yiuf_cottage
D:7:      layout_loops_ring, nicolae_yredelemnul_ghost_church,
          lemuel_zombie_altar_kikubaaqudgha, lemuel_round_altar, enter_bailey_2
D:8:      layout_rooms, lemuel_doored_altar, serial_shops, nicolae_shop_crystal,
          grunt_decor_arrowhead, st_stairs_14, minivault_10, uniq_erica
D:9:      layout_loops_ring, erik_lair_orcish_takeover
Temple:   hellmonk_temple_flake
Lair:1:   layout_gridlike, ebering_ghost_funeral_grove, portal_ice_cave_rime,
          chequers_serial_rivers_micro_d
Lair:2:   layout_hall_layers, minmay_snake_entry_six_corridors,
          ebering_ghost_xom
Lair:3:   layout_roguey, minmay_shoals_entry_lonely_mermaid,
          bobbens_dragon_lair_wall, lemuel_fruit_tree, lemuel_fruit_fields
Lair:4:   layout_small_grid, nicolae_slime_entry_slimehenge, enter_volcano_2
Lair:5:   grunt_lair_end_beastmaster, layout_cave_pods
Shoals:1: layout_shoals, ebering_ghost_inner_flame
Shoals:2: layout_shoals, serial_shops, shop, ldierk_geyser
Shoals:3: layout_shoals, uniq_polyphemus, uniq_louise

Skill      XL: |  1  2  3  4  5  6  7  8  9 10 11 12 13 14 |
---------------+-------------------------------------------+-----
Axes           | 3 4 5 6 7 9 11 13 16 19 21 22 | 22.6
Fighting       | 6 12 15 | 15.0
Armour         | 8 9 |  9.0
Invocations    | 4 8 9 |  9.0
Dodging        | 8 9 |  9.0
Evocations     | 6 7 |  7.4
Shields        | |  3.6

Action                   |  1- 3 |  4- 6 |  7- 9 | 10-12 | 13-15 || total
-------------------------+-------+-------+-------+-------+-------++-------
Melee: War axe           |    81 |   138 |   117 |       |       ||   336
       Headbutt          |     6 |    11 |    30 |    84 |    52 ||   183
       Battleaxe         |       |       |    21 |   333 |   204 ||   558
Evoke: Wand              |       |     2 |       |       |     2 ||     4
       Phial of floods   |       |       |       |       |     1 ||     1
  Use: Potion            |       |       |     1 |     4 |     2 ||     7
       Scroll            |       |       |     1 |     8 |    12 ||    21
Armor: Scale mail        |    37 |    63 |       |       |       ||   100
       Ring mail         |       |       |    30 |    64 |    35 ||   129
Dodge: Dodged            |    59 |    51 |    87 |   126 |   109 ||   432
Block: Buckler           |    16 |    23 |    24 |       |       ||    63
